 Dungeon Crawl Stone Soup version 0.22-a0-389-g8519d86 (webtiles) character file.

117 Kairos the Shield-Bearer (level 5, -13/28 HPs)
             Began as a Vine Stalker Fighter on Apr 30, 2018.
             Blown up by Ijyb (18 damage)
             ... with a wand of disintegration (13)
             ... on level 3 of the Dungeon.
             The game lasted 00:02:22 (1402 turns).

Kairos the Shield-Bearer (Vine Stalker Fighter)     Turns: 1402, Time: 00:02:24

Health: -13/28     AC:  7    Str: 20    XL:     5   Next: 1%
Magic:  0/6        EV:  7    Int:  8    God:
Gold:   100        SH:  9    Dex: 13    Spells: 4/4 levels left

rFire    . . .     SeeInvis .   a - +0 war axe
rCold    + . .     Gourm    .   c - +0 shield
rNeg     . . .     Faith    .   b - +0 scale mail
rPois    .         Spirit   +   (no helmet)
rElec    .         Reflect  .   (no cloak)
rCorr    .         Harm     .   j - +0 pair of gloves (curse)
MR       .....                  (no boots)
Stlth    ..........             (no amulet)
HPRegen  0.49/turn              e - ring of protection from cold
MPRegen  0.10/turn              (no ring)

@: no status effects
A: fangs 2, regeneration 1, magic shield, antimagic bite, no potion heal 3, rot
immunity
a: no special abilities


You were on level 3 of the Dungeon.
You were not hungry.

You visited 1 branch of the dungeon, and saw 3 of its levels.

You collected 100 gold pieces.

Inventory:

Hand Weapons
 a - a +0 war axe (weapon)
Armour
 b - a +0 scale mail (worn)
 c - a +0 shield (worn)
 j - a cursed +0 pair of gloves (worn)
Jewellery
 e - a ring of protection from cold (left hand)
 n - an uncursed ring of protection from magic {unknown}
Scrolls
 g - 2 scrolls of enchant armour {unknown}
 h - a scroll of magic mapping {unknown}
 i - a scroll of fear {unknown}
 k - 2 scrolls of identify {unknown}
 l - a scroll of immolation {unknown}
 m - a scroll of amnesia
 r - a scroll of teleportation {unknown}
Potions
 d - 2 potions of might
 o - a potion of heal wounds {unknown}
 p - a potion of brilliance {unknown}
 q - 2 potions of haste {unknown}
Comestibles
 f - 6 rations


   Skills:
 + Level 3.2 Fighting
 + Level 3.1 Axes
 + Level 2.8 Armour
 + Level 0.6 Dodging
 + Level 3.3 Shields


You had 4 spell levels left.
You didn't know any spells.

Dungeon Overview and Level Annotations

Branches:
Dungeon (3/15)

Altars:
Elyvilon
Makhleb

Annotations:
D:3 Ijyb


Innate Abilities, Weirdness & Mutations

You have extremely sharp teeth.
Your natural rate of healing is unusually fast.
When hurt, damage is shared between your health and your magic reserves.
Your bite disrupts and absorbs the magic of your enemies.
Potions cannot restore your health.
You are immune to rotting.


Message History

You closely miss the quokka. Your bite misses the quokka.
The quokka is severely wounded.
The quokka bites you. The quokka barely misses you.
A quokka is nearby!
You slash the quokka!
You kill the quokka!
HP restored.
Ijyb the Twisted Goblin comes into view.
Ijyb shouts!
Ijyb zaps a wand.
You are blasted!
It is a wand of disintegration (14).
Ijyb is nearby!
You block Ijyb's attack.
Ijyb is nearby!
You hit Ijyb but do no damage. You bite Ijyb, but do no damage.
Ijyb zaps a wand.
You are blasted!
Ouch! That really hurt!
* * * LOW HITPOINT WARNING * * *
Ijyb zaps a wand.
You are blasted!
Ouch! That really hurt!
You die...

.......†.......#
....##.....###.#
###.##.....# #.#
#.####.### #.###
#.# #......#..#
#.# #######.#.#
#.# #.#.# #.#
#.#.# #.# #.#@#
#.# #.#g# #.#.#
#.... #.# #.#
#.# #.#


You could see Ijyb.

Vanquished Creatures
  Terence (D:2)
  2 adders (D:2)
  An ooze (D:1)
  A worm (D:2)
  4 dart slugs
  2 leopard geckos
  3 giant cockroaches
  6 goblins
  7 hobgoblins
  9 kobolds
  2 quokkas
  2 ball pythons
  8 bats
  3 frilled lizards
  6 rats
57 creatures vanquished.

Notes
Turn   | Place    | Note
-------+----------+-------------------------------------------
     0 | D:1      | Kairos the Vine Stalker Fighter began the quest for the Orb.
     0 | D:1      | Reached XP level 1. HP: 11/11 MP: 2/2
    35 | D:1      | Reached XP level 2. HP: 16/16 MP: 3/3
   274 | D:1      | Reached XP level 3. HP: 20/20 MP: 4/4
   836 | D:2      | Noticed Terence
   841 | D:2      | Killed Terence
   841 | D:2      | Gained mutation: Your natural rate of healing is unusually fast. [Vine Stalker growth]
   841 | D:2      | Reached XP level 4. HP: 18/24 MP: 5/5
   901 | D:2      | Found a burning altar of Makhleb.
   901 | D:2      | Found a white marble altar of Elyvilon.
  1352 | D:3      | Reached XP level 5. HP: 28/28 MP: 4/6
  1398 | D:3      | Noticed Ijyb
  1402 | D:3      | Blown up by Ijyb

Vault maps used:
D:1:      minmay_arrival_glassed_features
D:2:      gammafunk_temple_overflow_elements, first_ration, uniq_terence
D:3:      grunt_dithmenos_smoke, uniq_jessica, uniq_ijyb, uniq_natasha

Skill      XL: |  1  2  3  4 |
---------------+-------------+-----
Shields        | 3 |  3.3
Axes           | 2 3 |  3.1
Fighting       | 3 |  3.2
Armour         | |  2.8
Dodging        | |  0.6

Action                   |  1- 3 |  4- 6 || total
-------------------------+-------+-------++-------
Melee: War axe           |    99 |    54 ||   153
       Bite              |    30 |    14 ||    44
  Use: Scroll            |     1 |       ||     1
  Eat: Chunk             |       |     2 ||     2
Armor: Scale mail        |    51 |    18 ||    69
Dodge: Dodged            |    37 |    19 ||    56
Block: Shield            |    53 |    33 ||    86

Table legend:
 A = Spawn XP
 B = Non-spawn XP
 C = Spawn XP percentage of total XP
 D = Spawn monster count
 E = Non-spawn monster count
 F = Spawn count percentage of total count
 G = Total turns spent on level
                    A         B        C        D         E        F      G
               +---------+---------+-------+---------+---------+-------+---------
         Total |       0 |     168 |   0.0 |       0 |      57 |   0.0 |  1402
               +---------+---------+-------+---------+---------+-------+---------
           D:1 |       0 |      49 |   0.0 |       0 |      25 |   0.0 |   598
           D:2 |       0 |     110 |   0.0 |       0 |      27 |   0.0 |   741
           D:3 |       0 |       9 |   0.0 |       0 |       5 |   0.0 |    63
               +---------+---------+-------+---------+---------+-------+---------
